 Dungeon Crawl Stone Soup version 0.26-a0-670-g578ab304f5 (webtiles) character file.

Game seed: 12881745670182991314

3553 Notrik the Warrior (level 10, 0/98 HPs)
             Began as a Barachi Hunter on Oct 19, 2020.
             Killed from afar by Maggie (7 damage)
             ... with a bolt of acid
             ... on level 7 of the Dungeon.
             The game lasted 00:16:48 (5554 turns).

Notrik the Warrior (Barachi Hunter)                 Turns: 5554, Time: 00:16:49

Health: 0/98       AC: 12    Str: 16    XL:     10   Next: 9%
Magic:  10/10      EV: 11    Int: 13    God:
Gold:   70         SH:  0    Dex: 12    Spells: 9/9 levels left

rFire    . . .     SeeInvis .   a - +2 shortbow
rCold    . . .     Faith    .   (shield currently unavailable)
rNeg     . . .     Spirit   .   n - +3 ring mail
rPois    .         Reflect  .   k - +0 helmet
rElec    .         Harm     .   s - +2 cloak
rCorr    +         Rampage  .   (no gloves)
MR       .....                  (no boots)
Stlth    ..........             (no amulet)
HPRegen  0.26/turn              v - ring "Qeil" {+Fly rCorr}
MPRegen  0.12/turn              (no ring)

@: confused, mighty, can't hop, slow
A: +LOS, swims, slowness 1, strong legs 1
a: Hop, Evoke Flight


You were on level 7 of the Dungeon.
You visited 1 branch of the dungeon, and saw 7 of its levels.

You collected 361 gold pieces.
You spent 291 gold pieces at shops.

Inventory:

Hand Weapons
 a - a +2 shortbow (weapon)
 b - a +0 short sword
Missiles
 d - 108 arrows (quivered)
Armour
 k - a +0 helmet (worn)
   (You found it on level 1 of the Dungeon)
 n - a +3 ring mail (worn)
   (You found it on level 2 of the Dungeon)
 s - a +2 cloak (worn)
   (You took it off Crazy Yiuf on level 3 of the Dungeon)
Jewellery
 p - an uncursed ring of magical power {unknown}
   (You found it on level 3 of the Dungeon)
 u - an uncursed ring of protection from magic {unknown}
   (You found it on level 4 of the Dungeon)
 v - the ring "Qeil" (left hand) {+Fly rCorr}
   (You bought it in a shop on level 4 of the Dungeon)

   [ring of resist corrosion]

   It lets you fly.
   It provides partial protection from all sources of acid and corrosion.
Wands
 t - a wand of polymorph (12)
   (You took it off a gnoll on level 4 of the Dungeon)
Scrolls
 e - 5 scrolls of identify {unknown}
 h - 2 scrolls of magic mapping
 i - a scroll of enchant weapon
 l - 3 scrolls of teleportation {@r4}
 o - a scroll of immolation {!r}
 r - a scroll of remove curse {unknown}
 y - a scroll of amnesia {unknown}
Potions
 c - 2 potions of invisibility {unknown}
 g - 2 potions of magic
 j - 2 potions of curing {@q1}
 m - a potion of heal wounds {unknown}
 q - 3 potions of stabbing {unknown}
 w - a potion of might
 x - a potion of lignification {unknown}


   Skills:
 * Level 16.3 Fighting
 + Level 11.0 Bows
 - Level 2.1 Dodging
 - Level 0.8 Stealth


You had 9 spell levels left.
You didn't know any spells.
Your spell library was empty.

Dungeon Overview and Level Annotations

Branches:
Dungeon (8/15)               Lair (0/6) D:8
 Temple: D:4-7

Altars:
Ashenzari
Cheibriados
Fedhas
Gozag
Qazlal
Ru
Sif Muna
Uskayaw
Wu Jian
Zin

Shops:
D:4 =

Annotations:
D:4 2 transporters, Decritt's ghost, amateur GnAM
D:7 Maggie
D:8 Erica


Innate Abilities, Weirdness & Mutations

You can be seen from farther away. (+LOS)
You can swim through water.
You cover ground slowly.
You can hop short distances.


Message History

Something hits you.
* * * LOW HITPOINT WARNING * * *
Something burns you.
* * * LOW HITPOINT WARNING * * *
Maggie barely misses you. The giant cockroach barely misses you.
It was a potion of might.
You feel very mighty all of a sudden. The giant cockroach misses you.
Something hits you but does no damage.
Maggie zaps a wand.
The bolt of acid misses you.
The bolt of acid hits something!
The acid corrodes something!
Unknown command.
Really attack while wielding your +2 shortbow? [Y]es or [N]o only, please.
Really attack while wielding your +2 shortbow? [Y]es or [N]o only, please.
Really attack while wielding your +2 shortbow?
Okay, then.
Firing (i - inventory)
d - 111 arrows (quivered)
Aim: a giant cockroach You shoot an arrow.
The arrow hits the giant cockroach!
You kill the giant cockroach!
You break out of your daze.
Firing (i - inventory)
d - 110 arrows (quivered)
Aim: Maggie, wielding a +0 morningstar of pain, wearing +2 steam dragon scales and carrying a wand of acid (6)
You shoot an arrow. The arrow hits Maggie.
Maggie hits you with a +0 morningstar of pain!
* * * LOW HITPOINT WARNING * * *
You writhe in agony.
* * * LOW HITPOINT WARNING * * *
Something hits you.
* * * LOW HITPOINT WARNING * * *
Something burns you.
* * * LOW HITPOINT WARNING * * *
Maggie hits you with a +0 morningstar of pain!
* * * LOW HITPOINT WARNING * * *
You climb upwards.
Reactivating autopickup.
Found 37 gold pieces and a scroll of teleportation.
There is a stone staircase leading down here.
Firing (i - inventory)
d - 109 arrows (quivered)
Aim: Maggie, wielding a +0 morningstar of pain, wearing +2 steam dragon scales and carrying a wand of acid (6) (lightly wounded)
You shoot an arrow. The arrow completely misses Maggie.
You hear some strange, mumbled words.
Deactivating autopickup; reactivate with Ctrl-A.
You are confused.
Maggie zaps a wand.
The bolt of acid hits you! You resist.
You die...

#####
..$...
###.......
#@{.......
#@#.......
#.# ......
#.# .....
#.# ....
#.# ...
#.# ?. #.#
. .(#


You could see Maggie.

Vanquished Creatures
  Grinder (D:4)
  Menkaure (D:4)
  Edmund (D:3)
  2 howler monkeys (D:4)
  Crazy Yiuf (D:3)
  A centaur skeleton (D:4)
  An orc wizard (D:5)
  Ijyb (D:4)
  An iguana (D:3)
  2 worker ants (D:4)
  9 gnolls
  3 adders
  An ooze (D:2)
  5 worms
  4 dart slugs
  2 leopard geckos (D:1)
  7 orcs
  3 bats
  5 giant cockroaches
  6 goblins
  10 hobgoblins
  11 jackals
  4 quokkas
  2 ball pythons
  7 frilled lizards
  A jackal skeleton (D:4)
  5 kobolds
  9 rats
106 creatures vanquished.

Vanquished Creatures (others)
  A giant cockroach (D:8)
  16 plants
  5 toadstools (D:1)
22 creatures vanquished.

Grand Total: 128 creatures vanquished

Notes
Turn   | Place    | Note
-------+----------+-------------------------------------------
     0 | D:1      | Notrik the Barachi Hunter began the quest for the Orb.
     0 | D:1      | Reached XP level 1. HP: 17/17 MP: 1/1
    47 | D:1      | Reached skill level 3 in Fighting
    61 | D:1      | Reached XP level 2. HP: 4/24 MP: 2/2
   361 | D:1      | Reached XP level 3. HP: 29/29 MP: 3/3
   759 | D:1      | Reached skill level 4 in Fighting
  1353 | D:2      | Reached XP level 4. HP: 38/38 MP: 4/4
  2465 | D:3      | Reached skill level 5 in Fighting
  2495 | D:3      | Found a sacrificial altar of Ru.
  2495 | D:3      | Found a glowing silver altar of Zin.
  2495 | D:3      | Found a shimmering blue altar of Sif Muna.
  2495 | D:3      | Found an opulent altar of Gozag.
  2495 | D:3      | Found a hide-covered altar of Uskayaw.
  2495 | D:3      | Found a stormy altar of Qazlal.
  2495 | D:3      | Found an ornate altar of the Wu Jian Council.
  2497 | D:3      | Found a blossoming altar of Fedhas.
  2535 | D:3      | Found a runed translucent door.
  2536 | D:3      | Noticed Crazy Yiuf
  2756 | D:3      | Reached XP level 5. HP: 44/44 MP: 5/5
  3264 | D:3      | Found a broken altar of Ashenzari.
  3264 | D:3      | Found a snail-covered altar of Cheibriados.
  3582 | D:3      | Killed Crazy Yiuf
  3903 | D:4      | Noticed Grinder
  3911 | D:3      | Reached skill level 5 in Bows
  3959 | D:4      | Found Gumnovos's Jewellery Shop.
  3981 | D:4      | Reached skill level 6 in Fighting
  3995 | D:4      | Reached XP level 6. HP: 46/52 MP: 6/6
  4008 | D:4      | Noticed Edmund
  4013 | D:4      | Killed Grinder
  4013 | D:4      | Reached skill level 7 in Fighting
  4049 | D:3      | Killed Edmund
  4049 | D:3      | Reached XP level 7. HP: 26/61 MP: 7/7
  4302 | D:4      | Reached skill level 8 in Fighting
  4514 | D:4      | Noticed Ijyb
  4655 | D:4      | Killed Ijyb
  4822 | D:4      | Bought the ring "Qeil" {+Fly rCorr} for 291 gold pieces
  4825 | D:4      | Noticed Menkaure
  4836 | D:4      | Killed Menkaure
  4836 | D:4      | Reached XP level 8. HP: 21/70 MP: 8/8
  5114 | D:4      | Reached skill level 9 in Fighting
  5294 | D:4      | Identified the +6 trident of a ziggurat {vamp, rF+ rC+
                  | Dex-4}
  5299 | D:4      | Noticed Decritt's ghost (amateur GnAM)
  5305 | D:4      | Found a transporter.
  5354 | D:4      | Found a transporter.
  5441 | D:5      | Entered Level 5 of the Dungeon
  5530 | D:5      | You fall into a shaft and drop 3 floors!
  5530 | D:8      | Found a staircase to the Lair.
  5530 | D:8      | Noticed a yak
  5531 | D:8      | Noticed a yak
  5531 | D:8      | Noticed a yak
  5531 | D:8      | Noticed a yak
  5536 | D:8      | Noticed a yak
  5537 | D:8      | Noticed Erica
  5540 | D:8      | Noticed Maggie
  5547 | D:8      | Reached skill level 14 in Fighting
  5547 | D:8      | Reached XP level 9. HP: 39/88 MP: 9/9
  5548 | D:8      | Reached skill level 16 in Fighting
  5548 | D:8      | Reached XP level 10. HP: 36/98 MP: 10/10
  5554 | D:7      | Killed from afar by Maggie

Illustrated notes

Levels and vault maps discovered:
D:1:      dpeg_arrival_arbitrary_c, layout_loops_ring, minmay_gold_behind_fungi,
          hangedman_decor_opposing, minivault_24, nrook_mini_backslash,
          minmay_crystal_water, serial_park_tiny_2, minmay_cut_off
D:2:      minmay_door_path, layout_basic, serial_glass, glass_columns_b,
          glass_columns_c, minmay_pentomino_u4
D:3:      layout_basic, grunt_temple_overflow_open,
          gammafunk_temple_overflow_elements, serial_bayou, serial_bayou_lake_a,
          serial_bayou_pond_a, serial_bayou_shore_b, serial_bayou_pond_b,
          uniq_crazy_yiuf_cottage
D:4:      layout_cave_pools, serial_shops, nicolae_shop_waterfront,
          gammafunk_ghost_gnarly_gnolls, uniq_grinder, uniq_menkaure, uniq_ijyb,
          uniq_edmund
D:5:      layout_basic, nicolae_overflow_hidden_temple,
          minmay_temple_entry_crystal_x
D:7:      layout_basic
D:8:      layout_rooms, makhleb_grotto_becter, minmay_lair_entry_grove,
          uniq_erica, uniq_maggie

Skill      XL: |  1  2  3  4  5  6  7  8  9 |
---------------+----------------------------+-----
Fighting       | 3 4 5 6 7 8 14 16 | 16.3
Bows           | 5 6 9 11 | 11.0
Dodging        | |  2.1
Stealth        | |  0.8

Action                   |  1- 3 |  4- 6 |  7- 9 | 10-12 || total
-------------------------+-------+-------+-------+-------++-------
Melee: Short sword       |    14 |       |       |       ||    14
       Unarmed           |       |       |     1 |       ||     1
 Fire: Shortbow          |    85 |   198 |   118 |     3 ||   404
 Abil: Hop               |       |     1 |     2 |       ||     3
  Use: Scroll            |       |       |     4 |       ||     4
       Potion            |       |       |     4 |     1 ||     5
Armor: Leather armour    |     6 |       |       |       ||     6
       Ring mail         |     7 |    44 |    36 |     1 ||    88
       Skin              |       |       |     1 |       ||     1
Dodge: Dodged            |    41 |    67 |    36 |     4 ||   148

Table legend: (Time is in decaauts)
 A = Elapsed time spent in this place.
 B = Non-inter-level travel time spent in this place.
 C = Inter-level travel time spent in this place.
 D = Time resting spent in this place.
 E = Time spent auto-exploring this place.
 F = Levels seen in this place.
 G = Mean time per level.
                   A        B        C        D        E       F      G
               +--------+--------+--------+--------+--------+-----+--------+
         Total |   6146 |   5844 |    302 |   1091 |   3666 |   7 |  878.0 |
       Dungeon |   6146 |   5844 |    302 |   1091 |   3666 |   7 |  878.0 |
               +--------+--------+--------+--------+--------+-----+--------+

Top non-repeatable levels by time:
     D:3: 2144 daAuts
     D:2: 1397 daAuts
     D:1: 1321 daAuts
     D:4: 1162 daAuts
     D:5: 97 daAuts
     D:8: 23 daAuts
     D:7: 0 daAuts
